 Dungeon Crawl Stone Soup version 0.21.0-3-g78d12a8bdd (webtiles) character file.

343 NullDivider the Grasshopper (level 6, -7/32 HPs)
             Began as a Spriggan Warper on Jan 9, 2018.
             Killed by divine providence
             ... invoked by an orc priest
              (13 damage)
             ... on level 3 of the Dungeon.
             The game lasted 00:31:22 (4922 turns).

NullDivider the Grasshopper (Spriggan Warper)       Turns: 4922, Time: 00:31:23

Health: -7/32      AC:  9    Str:  7    XL:     6   Next: 31%
Magic:  7/13       EV: 21    Int: 15    God:
Gold:   100        SH:  0    Dex: 17    Spells: 5/13 levels left

rFire    . . .     SeeInvis +   m - +2 dagger (protect)
rCold    + . .     Gourm    .   (shield restricted)
rNeg     . . .     Faith    .   b - +0 robe
rPois    .         Spirit   .   (helmet restricted)
rElec    .         Reflect  .   (no cloak)
rCorr    .         Harm     .   (gloves unavailable)
MR       +....                  (boots unavailable)
Stlth    +++.......             (no amulet)
HPRegen  0.10/turn              g - ring of protection from cold
MPRegen  0.13/turn              (no ring)

@: protection aura, very quick
A: very small, unfitting armour, see invisible, herbivore, speed 3, slow
metabolism 2
a: no special abilities


You were on level 3 of the Dungeon.
You were very hungry.

You visited 1 branch of the dungeon, and saw 4 of its levels.

You collected 100 gold pieces.

Inventory:

Hand Weapons
 m - a +2 dagger of protection (weapon)
Armour
 b - a +0 robe (worn)
Jewellery
 e - a +3 ring of dexterity {unknown}
 g - a ring of protection from cold (left hand)
Scrolls
 d - a scroll of blinking
 j - 3 scrolls of remove curse {unknown}
 k - 2 scrolls of fog {unknown}
 l - 5 scrolls of teleportation {unknown}
 n - a scroll of noise {unknown}
 o - 4 scrolls of identify {unknown}
 r - a scroll of random uselessness {unknown}
 s - 2 scrolls of fear {unknown}
 t - a scroll of enchant weapon {unknown}
Potions
 a - 3 potions of heal wounds {unknown}
 h - 2 potions of brilliance {unknown}
 i - a potion of ambrosia {unknown}
 p - 2 potions of curing {unknown}
 q - 2 potions of flight {unknown}
Books
 c - a book of Spatial Translocations

   Spells                             Type                      Level
   a - Blink                          Translocation                2
   b - Shroud of Golubria             Charms/Translocation         2
   c - Lesser Beckoning               Translocation                3
   d - Gell's Gravitas                Translocation                3
   e - Teleport Other                 Translocation                3
   f - Passage of Golubria            Translocation                4
Comestibles
 f - 4 rations


   Skills:
 - Level 2.5 Fighting
 + Level 3.4 Short Blades
 - Level 1.0 Throwing
 + Level 5.3 Dodging
 * Level 4.6 Stealth
 + Level 4.0 Spellcasting
 + Level 5.4 Translocations


You had 5 spell levels left.
You knew the following spells:

 Your Spells              Type           Power        Failure   Level  Hunger
a - Gell's Gravitas       Tloc           ###.......   5%          3    ###....
b - Teleport Other        Tloc           ###.....     5%          3    ###....
c - Shroud of Golubria    Chrm/Tloc      ##........   9%          2    ##.....


Dungeon Overview and Level Annotations

Branches:
Dungeon (4/15)
 Temple: D:4-7

Altars:
Fedhas

Annotations:
D:4 Blork the orc


Innate Abilities, Weirdness & Mutations

You are very small and have problems with some larger weapons.
You are too small for most types of armour.
You have supernaturally acute eyesight. (SInv)
You are a herbivore.
You cover ground extremely quickly.
You need consume almost no food.


Message History

Casting: Gell's Gravitas
Confirm with . or Enter, or press ? or * to list all spells.
Aiming: Gell's Gravitas
Press: ? - help, Dir - move target cursor Gravity reorients around empty space.
Casting: Gell's Gravitas
Confirm with . or Enter, or press ? or * to list all spells.
Aiming: Gell's Gravitas
Press: ? - help, Dir - move target cursor, f - orc priest
Aim: an orc priest, wielding a whip and wearing a scale mail (almost dead) Gravity reorients around the orc priest.
The orc priest barely misses you.
You hit the orc priest but do no damage.
The orc priest is almost dead.
The orc priest closely misses you.
You hit the orc priest but do no damage.
The orc priest is almost dead.
The orc priest calls down the wrath of Beogh upon you.
Beogh smites you!
You die...

#.............##### #.#
#....#######.## #.# # #.#### #.#
##.# # #.# #.# #..# # #.# ##'##
#.## # #.# ##...## #.# # #.##
##.....## ###.# # #..##
##....>..## ##.#.# #
#...####........@####....########
.......'......)..o...............
#...####.........####....########
.o.## ##.......## ##.#.#####
....# ##.....## #........# ....#
##...## #.##.###.# ....# ##'##
#.##.# #.# ...##
#.########.##.###.# ####
#.#.........#..##.#


You could see an orc priest.

Vanquished Creatures
  An ogre (D:4)
  An orc wizard (D:3)
  A hound (D:3)
  A howler monkey zombie (D:4)
  4 gnolls
  6 adders
  An ooze (D:3)
  A worm (D:3)
  A dart slug (D:2)
  A leopard gecko (D:1)
  12 orcs
  6 giant cockroaches
  9 goblins
  5 hobgoblins
  3 jackals (D:3)
  2 quokkas (D:4)
  A ball python (D:1)
  6 bats
  7 frilled lizards
  6 kobolds
  A leopard gecko skeleton (D:4)
  7 rats
83 creatures vanquished.

Notes
Turn   | Place    | Note
-------+----------+-------------------------------------------
     0 | D:1      | NullDivider the Spriggan Warper began the quest for the Orb.
     0 | D:1      | Reached XP level 1. HP: 10/10 MP: 5/5
   682 | D:1      | Reached XP level 2. HP: 15/15 MP: 6/6
   865 | D:1      | Reached skill level 1 in Stealth
  1232 | D:1      | Reached XP level 3. HP: 18/18 MP: 8/8
  1358 | D:2      | Learned a level 3 spell: Gell's Gravitas
  1732 | D:2      | Reached XP level 4. HP: 19/23 MP: 9/9
  2534 | D:3      | Reached XP level 5. HP: 17/27 MP: 2/11
  3018 | D:3      | Reached skill level 5 in Translocations
  3140 | D:3      | Reached skill level 5 in Dodging
  3223 | D:3      | Found a blossoming altar of Fedhas.
  3264 | D:3      | Learned a level 3 spell: Teleport Other
  3520 | D:4      | Noticed Blork the orc
  3685 | D:3      | Learned a level 2 spell: Shroud of Golubria
  3710 | D:4      | Noticed an ogre
  3739 | D:4      | Killed an ogre
  3739 | D:4      | Reached XP level 6. HP: 18/32 MP: 7/13
  4922 | D:3      | Killed from afar by an orc priest

Skill      XL: |  1  2  3  4  5 |
---------------+----------------+-----
Dodging        | 4 5 |  5.3
Stealth        | 1 2 4 |  4.6
Spellcasting   | 3 4 |  4.0
Fighting       | 2 |  2.5
Short Blades   | 3 |  3.4
Translocations | 5 |  5.4
Throwing       | |  1.0

Action                   |  1- 3 |  4- 6 || total
-------------------------+-------+-------++-------
Melee: Short sword       |    26 |       ||    26
       Dagger            |   128 |   248 ||   376
 Cast: Gell's Gravitas   |     1 |    23 ||    24
       Shroud of Golubri |       |     4 ||     4
       Teleport Other    |       |     1 ||     1
 Stab: Sleeping          |     5 |    10 ||    15
  Eat: Ration            |       |     2 ||     2
Armor: Robe              |    24 |    23 ||    47
Dodge: Dodged            |   113 |   176 ||   289
